 Dungeon Crawl Stone Soup version 0.17-a0-1397-g0eee0a3 (webtiles) character file.

2590 Kidiri the Thaumaturge (level 9, -11/45 HPs)
             Began as a Deep Elf Fire Elementalist on June 17, 2015.
             Was an Initiate of Vehumet.
             Mangled by a red ugly thing (19 damage)
             ... on level 6 of the Dungeon.
             The game lasted 00:45:12 (7592 turns).

Kidiri the Thaumaturge (Deep Elf Fire Elementalist) Turns: 7592, Time: 00:45:12

Health: -11/45     AC:  7    Str:  5    XL:     9   Next: 33%
Magic:  16/23      EV: 16    Int: 24    God:    Vehumet [......]
Gold:   210        SH:  0    Dex: 15    Spells: 6 memorised, 6 levels left

rFire  . . .     SeeInvis .     o - +1 quarterstaff
rCold  . . .     Clarity  +     d - +1 robe {MR+}
rNeg   . . .     SustAt   .     (no shield)
rPois  .         Gourm    .     t - +0 helmet
rElec  .         Spirit   .     (no cloak)
rCorr  .         Warding  .     (no gloves)
rMut   .         Stasis   .     (no boots)
MR     +....                    (no amulet)
Stlth  +++++.....               (no ring)
                                a - ring of stealth

@: somewhat resistant to hostile enchantments, quite stealthy
A: iridescent scales 1, clarity, deformed body
a: Renounce Religion


You were on level 6 of the Dungeon.
You worshipped Vehumet.
Vehumet was noncommittal.
You were not hungry.

You visited 2 branches of the dungeon, and saw 7 of its levels.

You collected 210 gold pieces.

Inventory:

Hand weapons
 o - a +1 quarterstaff (weapon)
Missiles
 l - a throwing net (quivered)
Armour
 d - a +1 robe of magic resistance (worn)
 t - a +0 helmet (worn)
Jewellery
 a - a ring of stealth (left hand)
 f - an uncursed amulet of guardian spirit
Magical devices
 i - a wand of random effects (25)
 k - a wand of fireball (5)
Scrolls
 h - 3 scrolls of fog
 n - 2 scrolls of recharging
 q - 2 scrolls of teleportation
 r - 3 scrolls of identify
 u - a scroll of remove curse
Potions
 e - 2 potions of heal wounds
 g - a potion of curing
 m - a potion of magic
 p - 2 potions of invisibility
Books
 b - a book of Flames

   Spells                             Type                      Level
   a - Flame Tongue                   Conjuration/Fire             1
   b - Throw Flame                    Conjuration/Fire             2
   c - Conjure Flame                  Conjuration/Fire             3
   d - Inner Flame                    Hexes/Fire                   3
   e - Sticky Flame                   Conjuration/Fire             4
   f - Fireball                       Conjuration/Fire             5
Comestibles
 c - 3 bread rations
 j - 5 meat rations


   Skills:
 + Level 3.1 Staves
 * Level 7.0 Dodging
 * Level 7.9 Stealth
 * Level 8.3 Spellcasting
 + Level 4.5 Conjurations
 + Level 4.8 Hexes
 + Level 5.6 Fire Magic


You had 6 spell levels left.
You knew the following spells:

 Your Spells              Type           Power        Failure   Level  Hunger
a - Flame Tongue          Conj/Fire      ####.        1%          1    None
b - Throw Flame           Conj/Fire      ####..       1%          2    None
c - Conjure Flame         Conj/Fire      ####....     2%          3    None
d - Inner Flame           Hex/Fire       #####...     2%          3    None
e - Sticky Flame          Conj/Fire      ####....     10%         4    ##.....
f - Fireball              Conj/Fire      ####......   24%         5    ####...


Dungeon Overview and Level Annotations

Branches:
Dungeon (6/15)             Temple (1/1) D:6

Altars:
Ashenzari
Cheibriados
Dithmenos
Elyvilon
Fedhas
Gozag
Kikubaaqudgha
Makhleb
Nemelex Xobeh
Okawaru
Qazlal
Ru
Sif Muna
Trog
Vehumet
Yredelemnul
The Shining One

Shops:
D:5 !


Innate Abilities, Weirdness & Mutations

You are partially covered in iridescent scales (AC +4).
You possess an exceptional clarity of mind.
Armour fits poorly on your strangely shaped body.


Message History

The red ugly thing misses you. x2
You barely miss the red ugly thing.
The red ugly thing is lightly wounded.
The red ugly thing tentacle-slaps you but does no damage.
You thump the red ugly thing!
The red ugly thing is moderately wounded.
The red ugly thing closely misses you.
You sock the red ugly thing!
The red ugly thing is heavily wounded.
The red ugly thing completely misses you.
You hit the red ugly thing but do no damage.
The red ugly thing is heavily wounded.
The red ugly thing tentacle-slaps you.
You are engulfed in flames!!
Ouch! That really hurt!
You closely miss the red ugly thing.
The red ugly thing is moderately wounded.
The red ugly thing tentacle-slaps you!
* * * LOW HITPOINT WARNING * * *
You are engulfed in flames!!
You die...

#.################
#####'##..............
#....>..........).....
#.....).......[.......
#.........#######.....
####...#### #.....
#...# #..... #...#
#..... #.@.# #.....
#.u.# #..... #...#
###### ..... # ....#..
# ...###... # ....
.....# # ...## ##...#
# #...# #


You could see a red ugly thing.

Vanquished Creatures
  The ghost of Protee the Changer, an experienced DsTm of Cheibriados (D:5)
  Menkaure (D:6)
  Edmund (D:4)
  A phantom (D:4)
  3 ice beasts
  An ogre (D:4)
  A centaur (D:6)
  2 orc warriors
  Blork the orc (D:6)
  A giant frog (D:4)
  2 scorpions (D:4)
  A centaur zombie (D:6)
  2 crimson imps
  A jelly (D:4)
  A gnoll shaman (D:6)
  An orc priest (D:4)
  3 hounds
  2 giant frog skeletons
  3 iguanas
  A centaur skeleton (D:6)
  9 worker ants
  Terence (D:3)
  6 orc wizards
  3 gnolls (D:6)
  12 adders
  4 oozes
  An adder zombie (D:6)
  2 worms
  4 giant geckos
  23 orcs
  3 ball pythons
  10 bats
  A bat skeleton (D:6)
  4 giant cockroaches
  9 hobgoblins
  4 jackals (D:2)
  6 kobolds
  4 quokkas
  4 giant newts
  19 goblins
  21 rats
180 creatures vanquished.

Notes
Turn   | Place    | Note
--------------------------------------------------------------
     0 | D:1      | Kidiri the Deep Elf Fire Elementalist began the quest for the Orb.
     0 | D:1      | Reached XP level 1. HP: 10/10 MP: 6/6
   168 | D:1      | Gained mutation: You possess an exceptional clarity of mind. [potion of mutation]
   168 | D:1      | Gained mutation: You are partially covered in iridescent scales (AC +4). [potion of mutation]
   168 | D:1      | Gained mutation: Armour fits poorly on your strangely shaped body. [potion of mutation]
   254 | D:1      | Reached XP level 2. HP: 15/15 MP: 8/8
   258 | D:1      | Learned a level 2 spell: Throw Flame
   670 | D:2      | Reached XP level 3. HP: 5/19 MP: 0/10
   908 | D:2      | Learned a level 3 spell: Conjure Flame
   912 | D:2      | Learned a level 3 spell: Inner Flame
  1336 | D:2      | Reached XP level 4. HP: 20/24 MP: 5/11
  1607 | D:3      | Reached skill level 4 in Spellcasting
  2006 | D:3      | Found a white marble altar of Elyvilon.
  2006 | D:3      | Found a sparkling altar of Nemelex Xobeh.
  2008 | D:3      | Found an ancient bone altar of Kikubaaqudgha.
  2025 | D:3      | Reached skill level 1 in Hexes
  2025 | D:3      | Reached XP level 5. HP: 21/28 MP: 7/13
  2557 | D:3      | Found an iron altar of Okawaru.
  2619 | D:3      | Noticed Terence
  2674 | D:3      | Killed Terence
  2717 | D:3      | Learned a level 4 spell: Sticky Flame
  3202 | D:4      | Reached XP level 6. HP: 32/32 MP: 7/15
  3557 | D:4      | Noticed Edmund
  3568 | D:4      | Killed Edmund
  3568 | D:4      | Reached skill level 5 in Stealth
  3568 | D:4      | Reached skill level 5 in Spellcasting
  4161 | D:4      | Reached XP level 7. HP: 32/36 MP: 6/17
  4264 | D:4      | Reached skill level 5 in Dodging
  4377 | D:4      | Reached skill level 1 in Staves
  4611 | D:4      | Noticed an ice beast
  4619 | D:4      | Reached skill level 6 in Spellcasting
  4619 | D:4      | Killed an ice beast
  4628 | D:4      | Noticed an orc warrior
  4639 | D:4      | Killed an orc warrior
  4784 | D:4      | Reached XP level 8. HP: 41/41 MP: 14/19
  4791 | D:4      | Learned a level 5 spell: Fireball
  5006 | D:4      | Noticed an ogre
  5014 | D:4      | Killed an ogre
  5445 | D:5      | Entered Level 5 of the Dungeon
  5488 | D:5      | Found Jeta's Distillery.
  5522 | D:5      | Reached skill level 5 in Fire Magic
  5644 | D:5      | Reached skill level 7 in Spellcasting
  5708 | D:5      | Noticed Protee's ghost (experienced DsTm)
  5716 | D:5      | Killed Protee's ghost
  6188 | D:6      | Found a staircase to the Ecumenical Temple.
  6197 | Temple   | Entered the Ecumenical Temple
  6502 | Temple   | Became a worshipper of Vehumet
  6617 | D:6      | Noticed Menkaure
  6622 | D:6      | Killed Menkaure
  6622 | D:6      | Reached XP level 9. HP: 45/45 MP: 12/22
  6989 | D:6      | Reached skill level 8 in Spellcasting
  7131 | D:6      | Found an opulent altar of Gozag.
  7181 | D:6      | Noticed Blork the orc
  7204 | D:6      | Killed Blork the orc
  7447 | D:6      | Found a shadowy altar of Dithmenos.
  7579 | D:6      | Noticed a red ugly thing
  7592 | D:6      | Mangled by a red ugly thing

Vault maps used:
D:1:      evilmike_arrival_hilbert_curve
D:2:      first_bread
D:3:      grunt_temple_overflow_open, okawaru_gym_becter, uniq_terence
D:4:      minmay_opposing_rooms, uniq_edmund
D:5:      serial_shops, kennysheep_mini_moat
D:6:      nicolae_gozag_cash_rules_everything_around_me, kennysheep_mini,
          nicolae_overflow_crystal_walls, minmay_temple_entry_statues,
          makhleb_altar_promises_db, uniq_menkaure, uniq_blork_the_orc
Temple:   triangle_lava_temple_11

Action                   |  1- 3 |  4- 6 |  7- 9 || total
-------------------------+-------+-------+-------++-------
Melee: Club              |     5 |       |       ||     5
       Short sword       |    46 |    31 |       ||    77
       Quarterstaff      |       |     8 |    66 ||    74
 Cast: Flame Tongue      |    47 |    91 |   119 ||   257
       Throw Flame       |     4 |    46 |    57 ||   107
       Conjure Flame     |     1 |     2 |     6 ||     9
       Sticky Flame      |       |     1 |     4 ||     5
       Inner Flame       |       |       |     5 ||     5
  Use: Scroll            |     5 |     5 |     7 ||    17
       Potion            |     2 |     3 |       ||     5
 Stab: Sleeping          |     3 |     3 |     4 ||    10
  Eat: Chunk             |     1 |    10 |     4 ||    15
       Pizza             |       |       |     1 ||     1
       Beef jerky        |       |       |     1 ||     1
       Fruit             |       |       |     5 ||     5
